 Dungeon Crawl Stone Soup version 0.31.0-11-ge490571c62 (webtiles) character file.

Game seed: 8453463593662265890

12 qw the Shooter (level 2, -1/16 HPs)
             Began as a Deep Elf Hunter on Feb 4, 2024.
             Slain by an adder (2 damage)
             ... on level 2 of the Dungeon.
             The game lasted 00:00:01 (874 turns).

qw the Shooter (Deep Elf Hunter)                     Turns: 874, Time: 00:00:02

Health: -1/16      AC:  3    Str:  8    XL:     2   Next: 20%
Magic:  4/4        EV: 12    Int: 13    God:
Gold:   54         SH:  0    Dex: 18    Spells: 1/1 levels left

rFire   . . .        a - +0 shortbow
rCold   . . .        (shield currently unavailable)
rNeg    . . .        c - +0 leather armour
rPois   .            (no helmet)
rElec   .            (no cloak)
rCorr   .            (no gloves)
SInv    .            (no boots)
Will    .....        (no amulet)
Stlth   ++           (no ring)
HPRegen 0.22/turn    (no ring)
MPRegen 0.09/turn

%: no passive effects
@: lethally poisoned (-1 -> -4)
A: no striking features
a: no special abilities


You were on level 2 of the Dungeon.
You visited 1 branch of the dungeon, and saw 2 of its levels.

You collected 54 gold pieces.


   Skills:
 - Level 1.5 Fighting
 + Level 6.1 Ranged Weapons
 - Level 2.4 Dodging
 - Level 1.2 Stealth


You had one spell level left.
You didn't know any spells.
Your spell library was empty.

Inventory:

Hand Weapons
 a - a +0 shortbow (weapon)
Armour
 c - a +0 leather armour (worn)

Dungeon Overview and Level Annotations

Branches:
Dungeon (2/15)

Altars:


Message History

You shoot an arrow.
The arrow hits the adder but does no damage.
The adder is lightly wounded.
The adder barely misses you.
You shoot an arrow. The arrow barely misses the adder.
The adder barely misses you.
You shoot an arrow. The arrow closely misses the adder.
The adder misses you. The frilled lizard barely misses you.
The adder misses you.
You shoot an arrow. The arrow closely misses the adder.
The adder misses you. The frilled lizard misses you.
You shoot an arrow. The arrow barely misses the adder.
The adder closely misses you.
The frilled lizard bites you but does no damage.
The adder bites you.
You shoot an arrow. The arrow hits the adder.
The adder is moderately wounded.
The frilled lizard closely misses you. The adder bites you but does no damage.
You shoot an arrow. The arrow barely misses the adder.
The adder barely misses you. The frilled lizard bites you.
The adder bites you but does no damage. The frilled lizard barely misses you.
You shoot an arrow. The arrow misses the adder.
The adder misses you.
The frilled lizard bites you but does no damage.
You shoot an arrow. The arrow hits the adder.
The adder is almost dead.
You feel a little less clever now. The adder bites you.
The frilled lizard misses you. The adder bites you.
You shoot an arrow. The arrow misses the adder.
The adder barely misses you. The frilled lizard barely misses you.
You shoot an arrow. The arrow misses the adder.
The adder bites you.
You are poisoned.
The adder poisons you! The frilled lizard bites you.
The adder completely misses you.
You shoot an arrow. The arrow misses the adder.
You feel sick.
The frilled lizard bites you but does no damage.
The adder bites you.
You die...

.## ..# # #.#
#. #.# #. #<#
##.##.#
##...#.#
##......#
#.....@S#
#....?.l......
#.#.....######
# ##....#
##.#.. #(####
#. #.


You could see an adder and a frilled lizard.

Vanquished Creatures
  4 endoplasms (D:1)
  A goblin (D:1)
  A hobgoblin (D:1)
  A jackal (D:1)
  A bat (D:1)
  2 kobolds (D:1)
  A rat (D:1)
11 creatures vanquished.

Notes
Turn   | Place    | Note
-------+----------+-------------------------------------------
     0 | D:1      | qw the Deep Elf Hunter began the quest for the Orb.
     0 | D:1      | Reached XP level 1. HP: 12/12 MP: 3/3
     0 | D:1      | 0 ||| qw: Version: 0.3-a-160-g6735b56
     0 | D:1      | 0 ||| qw: Game counter: 5157
     0 | D:1      | 0 ||| qw: Melee chars always use a shield: true
     0 | D:1      | 0 ||| qw: God list: Okawaru
     0 | D:1      | 0 ||| qw: Allow faded altars: false
     0 | D:1      | 0 ||| qw: Do Orc after clearing Dungeon:15 true
     0 | D:1      | 0 ||| qw: Do second Lair branch before Depths: true
     0 | D:1      | 0 ||| qw: Lair rune preference: random
     0 | D:1      | 0 ||| qw: Goals: Normal
     0 | D:1      | 0 ||| PLANNING D:1-11
   125 | D:1      | Reached skill level 6 in Ranged Weapons
   125 | D:1      | Reached XP level 2. HP: 16/16 MP: 4/4
   796 | D:1      | 796 ||| READING scroll labelled AMANWU QIEDI.
   801 | D:1      | 801 ||| READING scroll labelled YDWUGIA ZETH.
   802 | D:1      | 802 ||| READING scroll labelled JEENAQ PI NYSCH.
   803 | D:1      | 803 ||| READING scroll labelled JEOJOAKEMO.
   803 | D:1      | 803 ||| IDENTIFYING 2 black potions
   804 | D:1      | 804 ||| READING scroll labelled BOORAA WAEFY.
   805 | D:1      | 805 ||| DRINKING 2 brown potions.
   806 | D:1      | 806 ||| DROPPING scroll of butterflies.
   807 | D:1      | 807 ||| DROPPING 2 potions of magic.
   808 | D:1      | 808 ||| DROPPING potion of brilliance.
   873 | D:2      | HP: 2/16 [frilled lizard (3)]
   874 | D:2      | Slain by an adder

Levels and vault maps discovered:
D:1:      dpeg_arrival_rooms_b, layout_loops_corners, st_stairs_8
D:2:      layout_loops_ring

Skill      XL: |  1 |
---------------+----+-----
Ranged Weapons | 6 |  6.1
Fighting       | |  1.5
Dodging        | |  2.4
Stealth        | |  1.2

Action                     || total
---------------------------++-------
   Fire: Shortbow          ||    41
    Use: Scroll            ||     5
         Potion            ||     1
 Armour: Leather armour    ||    15
  Dodge: Dodged            ||    24

Table legend:
 A = Non-vault XP
 B = Vault XP
 C = Vault XP percentage of total XP
 D = Non-vault monster count
 E = Vault monster count
 F = Vault count percentage of total count
                 A         B        C        D         E       F
            +---------+---------+-------+---------+---------+-------
      Total |      16 |       2 |  11.1 |      10 |       1 |   9.1
            +---------+---------+-------+---------+---------+-------
        D:1 |      16 |       2 |  11.1 |      10 |       1 |   9.1
            +---------+---------+-------+---------+---------+-------
